 Dungeon Crawl Stone Soup version 0.30-a0-576-g89cddaab80 (webtiles) character file.

Game seed: 17531458114634700984

108 Newt the Trooper (level 4, -3/37 HPs)
             Began as a Demonspawn Gladiator on Dec 30, 2022.
             Slain by a killer bee (5 damage)
             ... on level 3 of the Dungeon.
             The game lasted 00:02:59 (2541 turns).

Newt the Trooper (Demonspawn Gladiator)             Turns: 2541, Time: 00:03:00

Health: -3/37      AC:  7    Str: 16    XL:     4   Next: 58%
Magic:  4/4        EV: 12    Int:  8    God:
Gold:   123        SH:  0    Dex: 18    Spells: 3/3 levels left

rFire   . . .      SeeInvis .    a - +0 rapier
rCold   . . .      Faith    +    (no shield)
rNeg    . . .      Spirit   .    b - +0 leather armour
rPois   .          Reflect  .    c - +1 helmet
rElec   .          Harm     .    (no cloak)
rCorr   .          Rampage  .    (no gloves)
Will    ++...                    (no boots)
Stlth   ++                       m - amulet of faith
HPRegen 0.26/turn                n - ring of willpower
MPRegen 0.09/turn                s - ring of willpower

@: mighty, lethally poisoned (-3 -> -6), unable to drink
A: slimy green scales 1, powered by pain 1, agile 1, high MP 1, inability to
drink after injury 1
a: no special abilities


You were on level 3 of the Dungeon.
You visited 1 branch of the dungeon, and saw 4 of its levels.

You collected 123 gold pieces.

Inventory:

Hand Weapons
 a - a +0 rapier (weapon)
Missiles
 d - a throwing net (quivered)
Armour
 b - a +0 leather armour (worn)
 c - a +1 helmet (worn)
Jewellery
 m - an amulet of faith (around neck)
 n - a ring of willpower (left hand)
 s - a ring of willpower (right hand)
Scrolls
 f - 2 scrolls of enchant weapon
 i - 2 scrolls of magic mapping
 j - 3 scrolls of teleportation
 k - 3 scrolls of fog
 q - a scroll of enchant armour
 v - a scroll of identify
Potions
 g - a potion of resistance {unknown}
 h - a potion of attraction {unknown}
 l - a potion of magic {unknown}
 o - a potion of mutation
 p - a potion of ambrosia {unknown}
 r - a potion of berserk rage {unknown}
 u - a potion of might
 w - a potion of brilliance {unknown}
 x - a potion of heal wounds {unknown}


   Skills:
 - Level 4.0 Fighting
 - Level 2.6 Short Blades
 + Level 2.3 Throwing
 - Level 2.6 Dodging
 - Level 2.0 Stealth


You had 3 spell levels left.
You didn't know any spells.
Your spell library contained the following spells:

 Spells                   Type           Power      Damage    Failure   Level
 Tukima's Dance           Hex            0%         N/A       85%         3
 Passage of Golubria      Tloc           0%         N/A       99%         4
 Yara's Violent Unravell  Hex/Tmut       0%         3d3       100%        5


Dungeon Overview and Level Annotations

Branches:
Dungeon (4/15)
 Temple: D:4-7

Altars:
Sif Muna

Shops:
D:2 (


Innate Abilities, Weirdness & Mutations

You are partially covered in slimy green scales. (AC +2)
You sometimes gain a little power by taking damage.
You are agile. (Dex +4, Str/Int -1)
You have an increased reservoir of magic. (+10% MP)
You occasionally lose the ability to drink potions when taking damage.


Message History

* * * LOW HITPOINT WARNING * * *
Okay, then.
Throw: 3 throwing nets
Press: ? - help, Q - select action Shift-Dir - straight line, f/p - killer bee
Aim: a killer bee (severely wounded, 34% to hit)
You throw a throwing net.
The throwing net barely misses the killer bee.
The throwing net closely misses the killer bee.
The killer bee misses you.
Throw: 2 throwing nets
Press: ? - help, Q - select action Shift-Dir - straight line, f/p - killer bee
Aim: a killer bee (severely wounded, 34% to hit)
You throw a throwing net. The throwing net hits the killer bee.
The killer bee is caught in the net!
The killer bee is severely wounded.
The killer bee struggles against the net. x2
The killer bee struggles against the net.
The net rips apart, and the killer bee comes free!
The killer bee attacks as you move away!
The killer bee completely misses you. The killer bee closely misses you.
The killer bee barely misses you.
The killer bee stings you but does no damage.
There is a stone staircase leading up here.
The killer bee barely misses you. The killer bee misses you.
The killer bee stings you.
* * * LOW HITPOINT WARNING * * *
You are lethally poisoned!
The killer bee poisons you!
You climb upwards.
* * * LOW HITPOINT WARNING * * *
You feel sick.
There is a stone staircase leading down here.
Unknown command.
It was a potion of mutation.
You feel extremely strange.
You feel agile.
You feel more energetic.
You occasionally lose the ability to drink potions when taking damage.
* * * LOW HITPOINT WARNING * * *
You feel sick. The killer bee closely misses you. The killer bee stings you.
You feel threatened and lose the ability to drink potions!
You die...

#.##########.# #.# #.#
#.##### #.# #### #.....#
#.# ...## ######.# #.#
....# #....#.# #.# ....#
#....#.# #.#
....#######....#.######.#
................@.....#.#
....############y####.#.#
....# #.####.#.# #####
####...##.#.#
#.......#.#.#
#..♣♣♣..#.#.# #.♣#
#♣...#.# #.♣ ♣.#.#.# #.♣#
#♣.#.#.#


You could see a killer bee.

Vanquished Creatures
  4 adders
  4 dart slugs
  An orc (D:3)
  5 ball pythons
  5 endoplasms
  2 giant cockroaches (D:1)
  4 goblins
  6 hobgoblins
  3 jackals (D:4)
  4 kobolds
  2 quokkas (D:3)
  7 bats
  9 frilled lizards
  5 rats (D:1)
61 creatures vanquished.

Notes
Turn   | Place    | Note
-------+----------+-------------------------------------------
     0 | D:1      | Newt the Demonspawn Gladiator began the quest for the Orb.
     0 | D:1      | Reached XP level 1. HP: 16/16 MP: 1/1
    42 | D:1      | Reached skill level 1 in Stealth
   121 | D:1      | Gained mutation: You are partially covered in slimy green
                  | scales. (AC +2) [demonic ancestry]
   121 | D:1      | Reached XP level 2. HP: 19/22 MP: 2/2
   706 | D:1      | Gained mutation: You sometimes gain a little power by
                  | taking damage. [demonic ancestry]
   706 | D:1      | Reached XP level 3. HP: 21/28 MP: 3/3
  1009 | D:2      | Reached skill level 3 in Fighting
  1259 | D:2      | Found Gulusob's Weapon Shoppe.
  1751 | D:3      | Found a shimmering blue altar of Sif Muna.
  1758 | D:3      | Reached XP level 4. HP: 36/37 MP: 4/4
  2013 | D:3      | Reached skill level 4 in Fighting
  2541 | D:3      | Gained mutation: You are agile. (Dex +4, Str/Int -1)
                  | [potion of mutation]
  2541 | D:3      | Gained mutation: You have an increased reservoir of magic.
                  | (+10% MP) [potion of mutation]
  2541 | D:3      | Gained mutation: You occasionally lose the ability to drink
                  | potions when taking damage. [potion of mutation]
  2541 | D:3      | Slain by a killer bee

Illustrated notes

Levels and vault maps discovered:
D:1:      saegor_arrival_simple_a, layout_basic, chequers_big_river,
          grunt_decor_cap, minmay_misc_feat_rows, patterned_corridor
D:2:      layout_loops_cross, serial_shops, nicolae_shop_bloodbath_and_beyond,
          minmay_misc_feat_four_crosses
D:3:      layout_basic, chequers_temple_overflow_statue_of_worship,
          st_stairs_10, minmay_stone_trees_small
D:4:      layout_basic, minmay_temple_entry_statues_pillars, uniq_ijyb,
          uniq_crazy_yiuf_cottage, uniq_natasha

Skill      XL: |  1  2  3  4 |
---------------+-------------+-----
Stealth        | 1 2 |  2.0
Fighting       | 3 4 |  4.0
Throwing       | 2 |  2.3
Short Blades   | |  2.6
Dodging        | |  2.6

Action                   |  1- 3 |  4- 6 || total
-------------------------+-------+-------++-------
Melee: Rapier            |   128 |    92 ||   220
       Punch             |     1 |       ||     1
Throw: Throwing net      |       |     2 ||     2
       Javelin           |       |     1 ||     1
  Use: Scroll            |     7 |     2 ||     9
       Potion            |       |     3 ||     3
 Stab: Sleeping          |     6 |       ||     6
Armor: Leather armour    |    63 |    45 ||   108
Dodge: Dodged            |    87 |   116 ||   203

Table legend: (Time is in decaauts)
 A = Elapsed time spent in this place.
 B = Non-inter-level travel time spent in this place.
 C = Inter-level travel time spent in this place.
 D = Time resting spent in this place.
 E = Time spent auto-exploring this place.
 F = Levels seen in this place.
 G = Mean time per level.
                   A        B        C        D        E       F      G
               +--------+--------+--------+--------+--------+-----+--------+
         Total |   2568 |   2477 |     91 |      0 |   1960 |   4 |  642.0 |
       Dungeon |   2568 |   2477 |     91 |      0 |   1960 |   4 |  642.0 |
               +--------+--------+--------+--------+--------+-----+--------+

Top non-repeatable levels by time:
     D:1: 1020 daAuts
     D:3: 790 daAuts
     D:2: 640 daAuts
     D:4: 117 daAuts
